 Dungeon Crawl Stone Soup version 0.27.1-4-g1640c2035a (webtiles) character file.

Game seed: 6815997168366206

7491 Stomo444 the Slicer (level 11, -4/56 HPs)
             Began as a Vine Stalker Necromancer on Nov 11, 2021.
             Was a Believer of Vehumet.
             Slain by a warg (14 damage)
             ... on level 10 of the Dungeon.
             The game lasted 00:33:45 (11589 turns).

Stomo444 the Slicer (Vine Stalker Necromancer)     Turns: 11589, Time: 00:33:46

Health: -4/56      AC:  6    Str: 20    XL:     11   Next: 16%
Magic:  0/22       EV: 14    Int: 15    God:    Vehumet [**....]
Gold:   558        SH:  0    Dex: 15    Spells: 14/24 levels left

rFire    . . .     SeeInvis .   e - +2 dagger (drain)
rCold    . . .     Faith    .   (no shield)
rNeg     . . .     Spirit   +   a - +0 robe
rPois    .         Reflect  .   (no helmet)
rElec    .         Harm     .   (no cloak)
rCorr    .         Rampage  .   (no gloves)
Will     +....                  (no boots)
Stlth    ++........             g - amulet of regeneration
HPRegen  2.18/turn              o - +6 ring of strength
MPRegen  0.18/turn              y - +4 ring of protection

@: about to teleport, very slightly contaminated, invisible
A: fangs 3, regeneration 1, magic shield, antimagic bite, no potion heal 2
a: Renounce Religion


You were on level 10 of the Dungeon.
You worshipped Vehumet.
Vehumet was pleased with you.
You visited 2 branches of the dungeon, and saw 12 of its levels.

You collected 558 gold pieces.

Inventory:

Hand Weapons
 b - a +0 short sword
 e - a +2 dagger of draining (weapon)
Armour
 a - a +0 robe (worn)
Jewellery
 g - an amulet of regeneration (around neck)
 o - a +6 ring of strength (left hand)
 v - an amulet of reflection
 x - an amulet of the acrobat
 y - a +4 ring of protection (right hand)
 z - a ring of fire
 D - a +4 ring of evasion
Wands
 l - a wand of flame (27)
 r - a wand of polymorph (10)
 s - a wand of digging (4)
 G - a wand of mindburst (16)
Scrolls
 c - 10 scrolls of identify
 d - a scroll of teleportation
 m - 4 scrolls of enchant weapon {unknown}
 u - a scroll of amnesia {unknown}
 w - a scroll of fog {unknown}
 B - a scroll of enchant armour {unknown}
 C - 4 scrolls of fear {unknown}
 E - a scroll of summoning {unknown}
 F - a scroll of vulnerability {unknown}
 I - a scroll of silence {unknown}
 J - 4 scrolls of magic mapping {unknown}
Potions
 h - a potion of berserk rage {unknown}
 i - a potion of resistance
 j - 2 potions of magic {unknown}
 k - 2 potions of haste {unknown}
 n - a potion of ambrosia {unknown}
 p - 3 potions of mutation {unknown}
 q - a potion of lignification {unknown}
 t - 3 potions of flight {unknown}
 A - 4 potions of curing {unknown}
 H - a potion of attraction {unknown}
 K - a potion of brilliance {unknown}


   Skills:
 + Level 5.7 Fighting
 - Level 9.0 Short Blades
 - Level 5.5 Dodging
 - Level 2.4 Stealth
 + Level 7.1 Spellcasting
 - Level 5.1 Conjurations
 + Level 7.1 Necromancy


You had 14 spell levels left.
You knew the following spells:

 Your Spells              Type           Power      Damage    Failure   Level
a - Pain                  Necr           100%       1d9       1%          1
b - Vampiric Draining     Necr           13%        2d7       2%          3
c - Magic Dart            Conj           80%        1d7       1%          1
d - Excruciating Wounds   Necr           13%        N/A       21%         5

Your spell library contained the following spells:

 Spells                   Type           Power      Damage    Failure   Level
 Searing Ray              Conj           40%        3d4       2%          2
 Animate Skeleton         Necr           52%        N/A       1%          1
 Animate Dead             Necr           13%        N/A       7%          4
 Dazzling Flash           Conj/Hex       26%        N/A       14%         3
 Mephitic Cloud           Conj/Pois/Air  10%        N/A       19%         3
 Agony                    Necr           26%        N/A       21%         5
 Ignite Poison            Fire/Tmut/Pois 5%         N/A       36%         3
 Iskenderun's Mystic Bla  Conj/Tloc      13%        2d5       41%         4
 Bolt of Magma            Conj/Fire/Erth 5%         4d5       87%         5
 Starburst                Conj/Fire      6%         6d4       100%        6
 Haunt                    Necr/Summ      8%         N/A       100%        7
 Infestation              Necr           13%        N/A       100%        8


Dungeon Overview and Level Annotations

Branches:
Dungeon (11/15)            Temple (1/1) D:7            Lair (0/6) D:11
    Orc: D:9-12

Altars:
Ashenzari
Cheibriados
Dithmenos
Elyvilon
Fedhas
Gozag
Hepliaklqana
Kikubaaqudgha
Makhleb
Nemelex Xobeh
Okawaru
Qazlal
Ru
Sif Muna
Trog
Uskayaw
Vehumet
Wu Jian
Xom
Yredelemnul
Zin
The Shining One

Shops:
D:1 (   D:9 *

Annotations:
D:8 2 transporters


Innate Abilities, Weirdness & Mutations

You have razor-sharp teeth.
Your natural rate of healing is unusually fast.
When hurt, damage is shared between your health and your magic reserves.
Your bite disrupts and absorbs the magic of your enemies.
Potions cannot restore your health.


Message History

Casting: Vampiric Draining (dangerous; 2% risk of failure)
Confirm with . or Enter, or press ? or * to list all spells.
Aiming: Vampiric Draining (dangerous; 2% risk of failure)
Press: ? - help, Shift-Dir - straight line, f - orc priest
Aim: an orc priest, wielding a +0 dagger (almost dead, heavily drained)
You draw life force from the orc priest.
You kill the orc priest!
Vehumet accepts your kill.
You feel life coursing into your body.
The warg pauses to sniff the ground.
The warg closely misses you. The warg bites you!
Casting: Vampiric Draining (dangerous; 2% risk of failure)
Confirm with . or Enter, or press ? or * to list all spells.
Aiming: Vampiric Draining (dangerous; 2% risk of failure)
Press: ? - help, Shift-Dir - straight line, f - warg
Aim: a warg You draw life force from the warg!
You feel life coursing into your body. The warg closely misses you.
The warg bites you! The warg bites you.
Unknown command.
You hit the warg but do no damage. Your bite misses the warg.
The warg is moderately wounded.
The warg bites you.
Unknown command.
The warg bites you!
* * * LOW HITPOINT WARNING * * *
The warg closely misses you.
You see here a +0 whip.
Unknown command.
The warg bites you!
* * * LOW HITPOINT WARNING * * *
You fade into invisibility!
The warg misses you. The warg closely misses you.
You are very lightly contaminated with residual magic.
Unknown command.
The warg misses you. The warg bites you!
* * * LOW HITPOINT WARNING * * *
As you read the scroll of teleportation, it crumbles to dust.
You feel strangely unstable. The warg bites you!
You die...

##...#......####..#....# #.......
#..####.#.#.###.......(# #....(..
..#####.#.#.......#....###.######
................####...##..#
....###.#.#####..# #...##.##
..#..#....# ##.###....<.#######
.##.....>.######.......####......
...............###.....####......
.####.....####hh@.........#......
.# ##...)####.##.#######........
.# #...†>)...##.## ##....... ##
#....[...##...# ##......
#....###......# #...... #...##
####...# #...... #...# #...#
#...... ##### #...# ####### #####


You could see 2 wargs.

Vanquished Creatures
  A two-headed ogre (D:9)
  A centaur warrior (D:10)
  A troll (D:10)
  2 hornets
  A shadow (D:10)
  A wraith (D:10)
  9 yaks
  Eustachio (D:6)
  A warg (D:10)
  2 water moccasins
  Edmund (D:5)
  An acid dragon (D:9)
  An ice beast (D:7)
  4 orc warriors
  An ogre (D:7)
  4 centaurs
  A phantom (D:7)
  2 kobold brigands
  4 bullfrogs
  2 scorpions (D:6)
  4 wights (D:8)
  3 howler monkeys
  2 centaur zombies
  2 hounds (D:5)
  2 gnoll shamans
  9 orc priests
  A centaur skeleton (D:7)
  3 jellies
  Ijyb (D:5)
  11 orc wizards
  2 hound skeletons (D:4)
  9 gnolls
  3 howler monkey skeletons
  9 adders
  A shadow imp (D:8)
  A white imp (D:6)
  6 worms
  An adder skeleton (D:4)
  3 dart slugs
  28 orcs
  5 ball pythons
  7 endoplasms
  5 giant cockroaches
  8 goblins
  5 hobgoblins
  14 jackals
  4 quokkas
  2 bats
  4 frilled lizards
  17 kobolds
  7 rats
  A butterfly (D:4)
221 creatures vanquished.

Vanquished Creatures (others)
  A plant (D:4)
1 creature vanquished.

Grand Total: 222 creatures vanquished

Notes
Turn   | Place    | Note
-------+----------+-------------------------------------------
     0 | D:1      | Stomo444 the Vine Stalker Necromancer began the quest for
                  | the Orb.
     0 | D:1      | Reached XP level 1. HP: 9/9 MP: 4/4
   350 | D:1      | Reached XP level 2. HP: 5/14 MP: 0/6
   584 | D:1      | Found a faded altar of an unknown god.
   622 | D:1      | Reached skill level 1 in Fighting
  1105 | D:1      | Reached XP level 3. HP: 10/18 MP: 3/7
  1359 | D:1      | Learned a level 3 spell: Vampiric Draining
  1726 | D:1      | Found Junitsub's Antique Weapon Emporium.
  2474 | D:2      | Gained mutation: Your natural rate of healing is unusually
                  | fast. [Vine Stalker growth]
  2474 | D:2      | Reached XP level 4. HP: 19/23 MP: 4/8
  3575 | D:2      | Reached XP level 5. HP: 19/26 MP: 0/10
  4559 | D:3      | Reached XP level 6. HP: 32/32 MP: 6/13
  4675 | D:3      | Found a glowing silver altar of Zin.
  4738 | D:4      | Reached skill level 1 in Short Blades
  5240 | D:4      | Found a shimmering altar of Xom.
  5299 | D:4      | Reached skill level 2 in Short Blades
  5664 | D:4      | Reached XP level 7. HP: 32/33 MP: 7/14
  5885 | D:5      | Entered Level 5 of the Dungeon
  6048 | D:5      | Reached skill level 3 in Short Blades
  6150 | D:5      | Noticed Ijyb
  6177 | D:5      | Killed Ijyb
  6326 | D:5      | Noticed Edmund
  6349 | D:5      | Reached skill level 4 in Short Blades
  6351 | D:5      | Killed Edmund
  6555 | D:5      | You fall into a shaft and drop 1 floor!
  6570 | D:6      | Noticed a yak
  6580 | D:6      | Noticed a yak
  6581 | D:6      | Reached skill level 5 in Short Blades
  6581 | D:6      | Gained mutation: You have razor-sharp teeth. [Vine Stalker
                  | growth]
  6581 | D:6      | Reached XP level 8. HP: 29/40 MP: 7/15
  6581 | D:6      | Noticed a yak
  6584 | D:6      | Noticed a yak
  6586 | D:6      | Noticed a yak
  6936 | D:6      | Noticed Eustachio
  7009 | D:6      | Killed Eustachio
  7010 | D:6      | Reached skill level 6 in Short Blades
  7129 | D:6      | HP: 2/40 [orc priest/divine providence (14)]
  7150 | D:5      | Killed a yak
  7151 | D:5      | Reached skill level 7 in Short Blades
  7328 | D:6      | Killed a yak
  7331 | D:6      | Killed a yak
  7332 | D:6      | Reached skill level 8 in Short Blades
  7333 | D:6      | Killed a yak
  7334 | D:6      | Reached XP level 9. HP: 43/44 MP: 8/16
  7536 | D:6      | Reached skill level 9 in Short Blades
  7540 | D:6      | Found a glowing golden altar of the Shining One.
  7547 | D:6      | Found a shadowy altar of Dithmenos.
  7553 | D:6      | Found a white marble altar of Elyvilon.
  7560 | D:6      | Found a basalt altar of Yredelemnul.
  7569 | D:6      | Found an opulent altar of Gozag.
  7580 | D:6      | Found a broken altar of Ashenzari.
  7588 | D:6      | Found a hazy altar of Hepliaklqana.
  8123 | D:7      | Found a staircase to the Ecumenical Temple.
  8132 | Temple   | Entered the Ecumenical Temple
  8411 | Temple   | Became a worshipper of Vehumet
  8827 | D:7      | Found a blossoming altar of Fedhas.
  8834 | D:7      | Found an ancient bone altar of Kikubaaqudgha.
  9218 | D:8      | Reached skill level 5 in Spellcasting
  9227 | D:8      | Reached skill level 5 in Necromancy
  9250 | D:8      | Reached XP level 10. HP: 47/51 MP: 14/19
  9286 | D:8      | Noticed a moth of wrath
  9289 | D:8      | Found a bloodstained altar of Trog.
  9458 | D:8      | Reached * piety under Vehumet
  9458 | D:8      | Offered knowledge of Magic Dart by Vehumet.
  9799 | D:8      | Found a transporter.
  9898 | D:8      | Reached skill level 5 in Fighting
  9898 | D:8      | Reached skill level 5 in Dodging
  9971 | D:8      | Found a transporter.
 10094 | D:9      | Noticed a +0 hand axe
 10095 | D:9      | Noticed a +0 dagger
 10100 | D:9      | Found a hide-covered altar of Uskayaw.
 10102 | D:9      | Noticed a two-headed ogre
 10108 | D:9      | Found Gischyxa's Assorted Antiques.
 10132 | D:9      | Learned a level 1 spell: Magic Dart
 10140 | D:9      | Killed a two-headed ogre
 10495 | D:9      | Reached ** piety under Vehumet
 10801 | D:10     | Entered Level 10 of the Dungeon
 10833 | D:10     | Offered knowledge of Searing Ray by Vehumet.
 10834 | D:10     | Reached skill level 1 in Conjurations
 10971 | D:10     | Noticed a centaur warrior
 10994 | D:10     | Killed a centaur warrior
 10995 | D:10     | Reached skill level 5 in Conjurations
 10995 | D:10     | Reached XP level 11. HP: 55/56 MP: 19/21
 10999 | D:10     | Paralysed by a hornet for 3 turns
 11438 | D:10     | Learned a level 5 spell: Excruciating Wounds
 11471 | D:11     | Found a staircase to the Lair.
 11580 | D:10     | HP: 1/56 [warg (14)]
 11589 | D:10     | Slain by a warg

Illustrated notes

Levels and vault maps discovered:
D:1:      dpeg_arrival_water_fire, layout_basic, serial_shops, shop,
          basic_ecumenical_altar, minmay_misc_feat_cross,
          chequers_serial_rivers_micro_e
D:2:      layout_loops_ring, grunt_ministairs_11, chequers_serial_rivers_room_a
D:3:      layout_loops_ring, zin_statuary
D:4:      layout_rooms, xom_butterflies, serial_forest, infiniplex_forest_end_1,
          infiniplex_forest_side_room, infiniplex_forest_join,
          infiniplex_forest_corner_2, infiniplex_forest_clump_small,
          infiniplex_forest_lined_2, infiniplex_forest_end_3,
          infiniplex_forest_end_1, grunt_ministairs_15
D:5:      layout_cave_pools, kennysheep_potato, uniq_edmund, uniq_ijyb
D:6:      layout_loops_cross, grunt_temple_overflow_octagram, uniq_eustachio
D:7:      layout_loops_ring, grunt_temple_overflow_growth_and_decay,
          minmay_temple_entry_crystal_x
D:8:      gammafunk_cloud_chamber, layout_loops_ring, tgw_trog
D:9:      layout_rooms, dancing_weapons_uskayaw, serial_shops, kennysheep_mini
D:10:     layout_rooms
D:11:     layout_roguey [special_room_kobold], erik_lair_orcish_takeover,
          erik_orc_2, uniq_grum
Temple:   compressed_dpeg_triangle_lava_temple

Skill      XL: |  1  2  3  4  5  6  7  8  9 10 11 |
---------------+----------------------------------+-----
Fighting       | 1 2 3 4 5 |  5.7
Dodging        | 2 3 4 5 |  5.5
Spellcasting   | 3 4 5 6 7 |  7.1
Short Blades   | 2 5 8 9 |  9.0
Necromancy     | 5 6 7 |  7.1
Conjurations   | 5 |  5.1
Stealth        | |  2.4

Action                   |  1- 3 |  4- 6 |  7- 9 | 10-12 || total
-------------------------+-------+-------+-------+-------++-------
Melee: Short sword       |    23 |    87 |       |       ||   110
       Bite              |     7 |    32 |   106 |   107 ||   252
       Dagger            |       |    18 |   321 |   287 ||   626
 Cast: Pain              |    57 |   113 |    46 |    29 ||   245
       Vampiric Draining |       |    15 |    22 |    23 ||    60
       Magic Dart        |       |       |       |     7 ||     7
  Use: Potion            |       |     1 |     1 |     1 ||     3
       Scroll            |       |       |     2 |     1 ||     3
 Stab: Sleeping          |       |     2 |       |       ||     2
       Distracted        |       |       |       |     1 ||     1
Armor: Robe              |     4 |    14 |    29 |    88 ||   135
       Skin              |       |       |     8 |       ||     8
Dodge: Dodged            |    17 |    92 |   150 |   182 ||   441
